 Dungeon Crawl Stone Soup version 0.31.0-12-g77e489cdc1 (webtiles) character file.

Game seed: 2353728638070107648

931 Silvore the Cudgeller (level 7, -4/61 HPs)
             Began as a Minotaur Fighter on Mar 5, 2024.
             Was a Believer of Elyvilon.
             Slain by a killer bee (6 damage)
             ... on level 6 of the Dungeon.
             The game lasted 00:04:45 (4547 turns).

Silvore the Cudgeller (Minotaur Fighter)            Turns: 4547, Time: 00:04:47

Health: -4/61      AC: 11    Str: 22    XL:     7   Next: 86%
Magic:  6/6        EV:  9    Int:  5    God:    Elyvilon [**....]
Gold:   204        SH: 10    Dex: 10    Spells: 6/6 levels left

rFire   . . .        u - +0 mace
rCold   . . .        c - +0 buckler
rNeg    . . .        n - +1 chain mail
rPois   .            (helmet restricted)
rElec   .            (no cloak)
rCorr   .            (no gloves)
SInv    .            (no boots)
Will    +....        p - amulet of reflection Stlth
                     (no ring)
HPRegen 0.30/turn    (no ring)
MPRegen 0.10/turn

%: reflection
@: lethally poisoned (-4 -> -18), enlightened, flying
A: horns 2, retaliatory headbutt
a: Renounce Religion, Purification, Heal Other


You were on level 6 of the Dungeon.
You worshipped Elyvilon.
Elyvilon was pleased with you.
You visited 2 branches of the dungeon, and saw 7 of its levels.

You collected 204 gold pieces.

Inventory:

Hand Weapons
 a - a +0 flail of freezing
 u - a +0 mace (weapon)
Armour
 b - a +0 scale mail
 c - a +0 buckler (worn)
 n - a +1 chain mail (worn)
Jewellery
 k - an amulet of faith
 p - an amulet of reflection (around neck)
Wands
 w - a wand of iceblast (3)
Scrolls
 i - 2 scrolls of revelation
 q - 2 scrolls of teleportation
 t - a scroll of amnesia
 v - a scroll of vulnerability
 x - 2 scrolls of blinking
Potions
 d - 2 potions of might
 f - a potion of brilliance
 g - a potion of haste
 j - 2 potions of mutation
 l - a potion of berserk rage {unknown}
 m - 2 potions of resistance
 o - 2 potions of invisibility
 r - a potion of attraction {unknown}
 s - a potion of heal wounds {unknown}
 z - a potion of curing {unknown}


   Skills:
 + Level 5.1 Fighting
 + Level 7.4 Maces & Flails
 + Level 5.8 Armour
 + Level 2.4 Dodging
 + Level 0.5 Stealth
 + Level 5.9 Shields


You had 6 spell levels left.
You didn't know any spells.
Your spell library contained the following spells:

 Spells                   Type           Power      Damage    Failure   Level
 Magic Dart               Conj           0%         1d3       98%         1
 Blink                    Tloc           0%         N/A       99%         2
 Call Imp                 Summ           0%         N/A       99%         2


Dungeon Overview and Level Annotations

Branches:
Dungeon (6/15)             Temple (1/1) D:4

Altars:
Ashenzari
Dithmenos
Elyvilon
Fedhas
Gozag
Hepliaklqana
Kikubaaqudgha
Makhleb
Ru
Sif Muna
Vehumet
Wu Jian
Yredelemnul
The Shining One

Shops:
D:1 [   D:3 [   D:4 [   D:5 [


Innate Abilities, Weirdness & Mutations

You have a pair of horns on your head.
You reflexively headbutt those who attack you in melee.


Message History

You block the killer bee's attack.
You miss the killer bee. Your headbutt misses the killer bee.
The killer bee is moderately wounded.
You feel sick.
You are no longer poisoned.
The killer bee stings you but does no damage.
You block the killer bee's attack. The killer bee barely misses you.
The killer bee completely misses you.
You miss the killer bee. You headbutt the killer bee.
The killer bee is moderately wounded.
You block the killer bee's attack. The killer bee stings you.
You are poisoned.
The killer bee poisons you! The killer bee stings you.
The killer bee stings you but does no damage.
You thump the killer bee!
The killer bee is severely wounded.
You feel very sick.
The killer bee stings you but does no damage.
The killer bee stings you!
You are more poisoned.
The killer bee poisons you! The killer bee barely misses you.
The killer bee stings you! The killer bee barely misses you.
You block the killer bee's attack.
You hit the killer bee.
The killer bee is severely wounded.
You feel very sick. You block the killer bee's attack.
The killer bee stings you!
* * * LOW HITPOINT WARNING * * *
You are more poisoned.
The killer bee poisons you! The killer bee stings you.
* * * LOW HITPOINT WARNING * * *
The killer bee stings you! Elyvilon protects you from harm!
It was a potion of enlightenment.
You feel very buoyant.
You fly up into the air.
* * * LOW HITPOINT WARNING * * *
You feel very sick. You block the killer bee's attack.
The killer bee stings you.
You die...

#.....#
#.....##+###
#
#...........
.
#...........
.
#...........
.
#...........
.
#..yyy......
. #y###
##### #@y.#
#.... #...#
+.... #...#
#....#....
#...#
#....#....
#...#
#....#....
#.### ###...
###'# ###.##
#....###...#
#....#
#....#.....'
#....#
#....#..>..#


You could see 5 killer bees.

Vanquished Creatures
  Sigmund (D:4)
  An ogre (D:4)
  2 phantoms (D:5)
  A scorpion (D:5)
  A bombardier beetle (D:5)
  2 jellies
  3 hounds
  3 iguanas
  An orc priest (D:5)
  2 orc wizards (D:5)
  2 adders
  2 dart slugs (D:4)
  2 ribbon worms (D:2)
  18 orcs
  9 bats
  5 endoplasms
  2 giant cockroaches
  7 hobgoblins
  6 jackals (D:2)
  5 quokkas
  11 ball pythons
  4 frilled lizards
  3 goblins
  3 kobolds
  5 rats
101 creatures vanquished.

Notes
Turn   | Place    | Note
-------+----------+-------------------------------------------
     0 | D:1      | Silvore the Minotaur Fighter began the quest for the Orb.
     0 | D:1      | Reached XP level 1. HP: 19/19 MP: 0/0
   237 | D:1      | Found Monaq's Antique Armour Shop.
   269 | D:1      | Reached XP level 2. HP: 27/27 MP: 1/1
   901 | D:2      | Reached XP level 3. HP: 32/33 MP: 2/2
   999 | D:2      | Reached skill level 3 in Maces & Flails
  1318 | D:3      | Found a broken altar of Ashenzari.
  1534 | D:3      | Found a burning altar of Makhleb.
  1535 | D:3      | Found an opulent altar of Gozag.
  1541 | D:3      | Found Ymuc's Antique Armour Emporium.
  1565 | D:3      | Reached skill level 1 in Dodging
  1565 | D:3      | Reached XP level 4. HP: 36/40 MP: 3/3
  2122 | D:4      | Found a staircase to the Ecumenical Temple.
  2136 | D:4      | Found Ishkur's Dragon-Slaying Spoils.
  2168 | Temple   | Entered the Ecumenical Temple
  2194 | Temple   | Became a worshipper of Elyvilon the Healer
  2226 | D:4      | Noticed Sigmund
  2236 | D:4      | Killed Sigmund
  2237 | D:4      | Reached skill level 4 in Maces & Flails
  2237 | D:4      | Reached XP level 5. HP: 38/47 MP: 4/4
  2237 | D:4      | Reached XP level 6. HP: 43/53 MP: 5/5
  2342 | D:4      | Reached skill level 5 in Maces & Flails
  2460 | D:4      | Reached * piety under Elyvilon
  2542 | D:4      | Reached skill level 5 in Armour
  2542 | D:4      | Reached skill level 5 in Shields
  2635 | D:4      | Found a blossoming altar of Fedhas.
  2989 | D:5      | Entered Level 5 of the Dungeon
  3168 | D:5      | Reached XP level 7. HP: 56/60 MP: 6/6
  3282 | D:5      | Reached skill level 5 in Fighting
  3282 | D:5      | Reached skill level 6 in Maces & Flails
  3285 | D:5      | Found Axiphaff's Armour Shoppe.
  3720 | D:5      | Reached ** piety under Elyvilon
  4135 | D:5      | Reached skill level 7 in Maces & Flails
  4546 | D:6      | Elyvilon protects you from harm!
  4547 | D:6      | HP: 2/61 [poisoned by a killer bee]
  4547 | D:6      | Slain by a killer bee

Illustrated notes

Levels and vault maps discovered:
D:1:      lightli_arrival_farm, layout_loops_ring, serial_shops,
          nicolae_shop_rolling_square
D:2:      layout_basic, minmay_ruptured
D:3:      layout_loops_ring, nicolae_ashenzari_panopticon,
          mainiacjoe_overflow_divided_tiny, serial_shops, shop,
          kennysheep_generic_room_4
D:4:      layout_gridville, nicolae_overflow_crystal_walls,
          minmay_temple_entry_mini_moons, minmay_misc_feat_secret_circle,
          nicolae_shop_dragon_depot, dk_noncrumbling_4, uniq_sigmund
D:5:      layout_loops_corners, serial_shops, nicolae_shop_tiny_glass,
          serial_co_window_serial, co_window_paths_a,
          co_window_of_opportunity_a, co_window_corner_a, co_window_paths_a,
          co_window_of_opportunity_a, co_window_corner_ca, co_window_broadway_a,
          co_window_corner_cb, co_window_of_opportunity_c, co_window_corner_cb,
          co_window_4corner_b, glass_columns_b, glass_columns_b,
          glass_columns_b, glass_columns_a, glass_columns_a
D:6:      layout_gridville, uniq_jeremiah, uniq_edmund, uniq_blork_the_orc
Temple:   hellmonk_temple_beads

Skill      XL: |  1  2  3  4  5  6  7 |
---------------+----------------------+-----
Armour         | 4 5 |  5.8
Fighting       | 4 5 |  5.1
Shields        | 4 5 |  5.9
Maces & Flails | 3 4 5 7 |  7.4
Dodging        | 1 2 |  2.4
Stealth        | |  0.5

Action                     |  1- 3 |  4- 6 |  7- 9 || total
---------------------------+-------+-------+-------++-------
  Melee: Flail             |    95 |       |       ||    95
         Headbutt          |    10 |    18 |    21 ||    49
         Mace              |       |    82 |    98 ||   180
    Use: Scroll            |     6 |     6 |     1 ||    13
         Potion            |       |       |     1 ||     1
 Armour: Scale mail        |    39 |       |       ||    39
         Chain mail        |    46 |    35 |    80 ||   161
  Dodge: Dodged            |    75 |    23 |    47 ||   145
  Block: Buckler           |    55 |    35 |    56 ||   146
